 Dungeon Crawl Stone Soup version 0.27-a0-637-g3a9f0a9c12 (webtiles) character file.

Game seed: 7693817544123627936

19494 spiderkeys the Severer (level 12, 0/110 HPs)
             Began as a Minotaur Berserker on Mar 14, 2021.
             Was a High Priest of Trog.
             Killed from afar by a manticore (15 damage)
             ... with a volley of spikes
             ... summoned by Kirke
             ... on level 12 of the Dungeon.
             The game lasted 00:16:12 (13285 turns).

spiderkeys the Severer (Minotaur Berserker)        Turns: 13285, Time: 00:16:13

Health: 0/110      AC:  0    Str: 26    XL:     12   Next: 37%
Magic:  0/11       EV: 18    Int:  4    God:    Trog [*****.]
Gold:   713        SH:  0    Dex: 11    Spells: 11/11 levels left

rFire    . . .     SeeInvis .   (weapon currently unavailable)
rCold    . . .     Faith    .   (shield currently unavailable)
rNeg     . . .     Spirit   +   (armour currently unavailable)
rPois    .         Reflect  .   (helmet currently unavailable)
rElec    .         Harm     .   (cloak currently unavailable)
rCorr    .         Rampage  .   (gloves currently unavailable)
Will     .....                  (boots currently unavailable)
Stlth    +.........             o - amulet of guardian spirit
HPRegen  0.28/turn              (ring currently unavailable)
MPRegen  0.12/turn              (ring currently unavailable)

@: about to teleport, pig-form, spiked, berserk cooldown, slowed
A: fast, no casting, small, (horns 2), (retaliatory headbutt)
a: Renounce Religion, Berserk, Trog's Hand, Brothers in Arms


You were on level 12 of the Dungeon.
You worshipped Trog.
Trog was extremely pleased with you.
You were a filthy swine.
You visited 1 branch of the dungeon, and saw 12 of its levels.

You collected 713 gold pieces.

Inventory:

Hand Weapons
 a - a +3 battleaxe
 c - a +3 hand axe of flaming
 g - a +5 battleaxe of freezing (melded)
Missiles
 i - 4 silver boomerangs
 G - 8 silver javelins
Armour
 l - a +0 cloak (melded)
 w - a +0 plate armour (melded)
Jewellery
 f - a +4 ring of evasion (melded)
 o - an amulet of guardian spirit (around neck)
Wands
 p - a wand of flame (45)
 v - a wand of mindburst (8)
 y - a wand of paralysis (9)
 H - a wand of iceblast (9)
Scrolls
 d - 3 scrolls of immolation
 e - 6 scrolls of teleportation
 h - 2 scrolls of magic mapping
 k - a scroll of fog
 q - 5 scrolls of identify
 t - 2 scrolls of enchant weapon
 x - 2 scrolls of enchant armour
 A - 2 scrolls of fear {unknown}
 D - a scroll of torment {unknown}
 E - a scroll of vulnerability {unknown}
Potions
 b - 2 potions of heal wounds
 j - a potion of might
 m - 4 potions of curing
 n - 3 potions of attraction
 r - a potion of magic {unknown}
 s - 3 potions of lignification
 u - 2 potions of resistance {unknown}
 z - a potion of haste
 B - a potion of ambrosia {unknown}
 C - a potion of flight {unknown}
 F - a potion of brilliance {unknown}


   Skills:
 + Level 11.5 Fighting
 * Level 15.2 Axes
 + Level 11.2 Armour
 + Level 10.3 Dodging


You had 11 spell levels left.
You didn't know any spells.
Your spell library contained the following spells:

 Spells                   Type           Power      Damage    Failure   Level
 Animate Skeleton         Necr           0%         N/A       50%         1
 Corona                   Hex            0%         N/A       50%         1
 Freeze                   Ice            0%         1d3       50%         1
 Pain                     Necr           0%         1d4       50%         1
 Ensorcelled Hibernation  Hex/Ice        0%         N/A       65%         2
 Confusing Touch          Hex            0%         N/A       86%         3
 Dazzling Flash           Conj/Hex       0%         N/A       86%         3
 Frozen Ramparts          Ice            0%         1d2       86%         3
 Ozocubu's Armour         Ice            0%         N/A       86%         3
 Tukima's Dance           Hex            0%         N/A       86%         3
 Vampiric Draining        Necr           0%         2d6       86%         3
 Animate Dead             Necr           0%         N/A       99%         4
 Hailstorm                Conj/Ice       0%         3d3       99%         4
 Summon Ice Beast         Ice/Summ       0%         N/A       99%         4
 Agony                    Necr           0%         N/A       100%        5


Dungeon Overview and Level Annotations

Branches:
Dungeon (12/15)            Temple (0/1) D:4            Lair (0/6) D:9
    Orc: D:9-12

Altars:
Ashenzari
Dithmenos
Hepliaklqana
Kikubaaqudgha
Nemelex Xobeh
Okawaru
Qazlal
Ru
Sif Muna
Trog
Vehumet
Wu Jian
Xom
The Shining One

Shops:
D:8 *

Annotations:
D:12 3 runed translucent doors, Kirke; Snicker's ghost, journeyman DsBr


Innate Abilities, Weirdness & Mutations

You are a filthy swine.
You move quickly.
Your equipment is almost entirely melded.
You are incapable of wielding weapons or throwing items.
You cannot cast spells.
((You have a pair of horns on your head.))
((You reflexively headbutt those who attack you in melee.))


Message History

You bite Kirke!
Kirke is heavily wounded.
The manticore bites you! The manticore misses you.
The manticore barely misses you. Kirke closely misses you.
You barely miss Kirke.
Kirke is heavily wounded.
The manticore bites you!! The manticore closely misses you.
The manticore barely misses you.
You maul Kirke!!
Kirke is severely wounded.
Kirke gestures at you while chanting.
You feel a momentary urge to oink. The manticore bites you.
The manticore claws you. The manticore closely misses you. x2
The manticore claws you. x2
You bite Kirke!
Kirke is severely wounded.
Kirke completely misses you. The manticore bites you!!
The manticore misses you. The manticore barely misses you.
The manticore bites you. The manticore completely misses you.
The manticore claws you!
You closely miss Kirke.
Kirke is severely wounded.
Kirke hits you! The manticore bites you! The manticore claws you.
The manticore closely misses you.
You feel a strong urge to attack something.
The manticore bites you!!
* * * LOW HITPOINT WARNING * * *
The manticore claws you!
* * * LOW HITPOINT WARNING * * *
The manticore claws you!
* * * LOW HITPOINT WARNING * * *
You feel your anger nearly subside.
You are no longer berserk.
You are exhausted.
You feel as though you will be slow longer.
As you read the scroll of teleportation, it crumbles to dust.
You feel strangely unstable.
The manticore flicks its tail.
The volley of spikes hits you!
The barbed spikes become lodged in your body.
You die...

# +.....#####............ #
#.....# #.<.......... #
#.....# #...........# #
#.....# #..........#. #
#.....# #..........# #
#.....# #..........#
######.....# #..........≈#
..........)# #......###..≈
##.........#####h.....# ..≈
.#....................# ≈#
.#..............@.....#
.#..............HH....#
.'........####.<........
.#....#####..'.......... ..
.#....'......#..#########..
##....#......#..÷.)........
......#......#..#÷)........


You could see Kirke and 2 manticores.

Vanquished Creatures
  A hydra (D:11)
  5 two-headed ogres
  An ugly thing (D:12)
  Maggie (D:10)
  An efreet (D:12)
  5 trolls
  Grinder (D:3)
  5 slime creatures (D:12)
  A wraith (D:10)
  2 shadows
  A vampire (D:11)
  7 hogs (D:12)
  A basilisk (D:11)
  3 wyverns
  19 yaks
  Eustachio (D:6)
  Menkaure (D:5)
  Edmund (D:5)
  Duvessa (D:7)
  A water moccasin (D:11)
  4 black bears
  Purgy (D:3)
  6 orc warriors
  3 ice beasts
  3 sky beasts
  2 wolves
  5 centaurs
  2 ogres
  2 phantoms
  3 kobold brigands
  3 bullfrogs
  A gnoll sergeant (D:11)
  A wyvern skeleton (D:11)
  Dowan (D:7)
  3 scorpions
  9 killer bees
  27 wights
  3 howler monkeys (D:7)
  3 electric eels (D:9)
  2 centaur zombies
  A bullfrog zombie (D:12)
  4 hounds
  A quasit (D:10)
  3 orc priests
  3 centaur skeletons
  3 jellies
  A bullfrog skeleton (D:8)
  6 iguanas
  11 orc wizards
  8 worker ants
  3 hound skeletons
  A worker ant zombie (D:5)
  7 gnolls
  11 adders
  2 shadow imps
  3 white imps
  4 ufetubi
  2 oozes
  3 adder zombies
  2 adder skeletons (D:4)
  2 worms (D:3)
  2 dart slugs
  6 leopard geckos
  43 orcs
  6 bats
  9 giant cockroaches
  12 goblins
  8 hobgoblins
  6 jackals
  3 quokkas
  2 ball pythons
  3 frilled lizards
  23 kobolds
  A quokka skeleton (D:4)
  7 rats
355 creatures vanquished.

Notes
Turn   | Place    | Note
-------+----------+-------------------------------------------
     0 | D:1      | spiderkeys the Minotaur Berserker began the quest for the
                  | Orb.
     0 | D:1      | Reached XP level 1. HP: 19/19 MP: 0/0
    46 | D:1      | Reached XP level 2. HP: 26/27 MP: 1/1
    82 | D:1      | Reached skill level 4 in Axes
   734 | D:2      | Reached ** piety under Trog
   735 | D:2      | Reached XP level 3. HP: 20/33 MP: 2/2
   813 | D:2      | Found a shimmering altar of Xom.
   813 | D:2      | Found a broken altar of Ashenzari.
   857 | D:2      | Reached XP level 4. HP: 22/40 MP: 3/3
  1049 | D:2      | Reached skill level 5 in Axes
  1252 | D:2      | Found a shadowy altar of Dithmenos.
  1309 | D:2      | Found a sparkling altar of Nemelex Xobeh.
  1413 | D:2      | Found an iron altar of Okawaru.
  1480 | D:2      | Found a sacrificial altar of Ru.
  1688 | D:3      | Found a radiant altar of Vehumet.
  1694 | D:3      | Reached XP level 5. HP: 47/47 MP: 4/4
  1812 | D:3      | Reached *** piety under Trog
  1820 | D:3      | Noticed Purgy
  1831 | D:3      | Killed Purgy
  2018 | D:3      | Reached XP level 6. HP: 55/55 MP: 5/5
  2226 | D:3      | Noticed Grinder
  2227 | D:3      | Paralysed by Grinder for 3 turns
  2240 | D:3      | Killed Grinder
  2241 | D:3      | Reached skill level 5 in Fighting
  2241 | D:3      | Reached skill level 6 in Axes
  2563 | D:4      | Found a staircase to the Ecumenical Temple.
  2588 | D:4      | Reached XP level 7. HP: 60/61 MP: 6/6
  2715 | D:4      | Reached skill level 7 in Axes
  2715 | D:4      | Reached **** piety under Trog
  2727 | D:4      | Found a bloodstained altar of Trog.
  3226 | D:4      | Found a hazy altar of Hepliaklqana.
  3226 | D:4      | Found a faded altar of an unknown god.
  3234 | D:4      | Found a sparkling altar of Nemelex Xobeh.
  3236 | D:4      | Found a faded altar of an unknown god.
  3238 | D:4      | Found a bloodstained altar of Trog.
  3316 | D:5      | Entered Level 5 of the Dungeon
  3316 | D:5      | Noticed Menkaure
  3326 | D:5      | Killed Menkaure
  3327 | D:5      | Reached skill level 5 in Armour
  3684 | D:5      | Noticed Edmund
  3699 | D:5      | Killed Edmund
  3700 | D:5      | Reached skill level 8 in Axes
  3700 | D:5      | Reached XP level 8. HP: 55/66 MP: 7/7
  4296 | D:5      | Found an ancient bone altar of Kikubaaqudgha.
  4296 | D:5      | Found a glowing golden altar of the Shining One.
  4451 | D:6      | Reached skill level 5 in Dodging
  4480 | D:6      | Noticed Eustachio
  5224 | D:6      | Killed Eustachio
  5225 | D:6      | Reached skill level 9 in Axes
  5692 | D:6      | Found a stormy altar of Qazlal.
  5972 | D:7      | Found an ornate altar of the Wu Jian Council.
  5991 | D:7      | Reached XP level 9. HP: 79/79 MP: 8/8
  6243 | D:7      | Found a shimmering blue altar of Sif Muna.
  6260 | D:7      | Reached skill level 10 in Axes
  6318 | D:7      | Noticed Dowan
  6318 | D:7      | Noticed Duvessa
  6322 | D:7      | Killed Duvessa
  6326 | D:7      | Killed Dowan
  7296 | D:8      | Found Mengeg's Changing Room.
  7307 | D:8      | Reached skill level 11 in Axes
  7449 | D:8      | Reached ***** piety under Trog
  7854 | D:9      | Noticed a troll
  7858 | D:9      | Noticed a troll
  7871 | D:8      | HP: 6/123 [troll (7)]
  7871 | D:8      | HP: 1/123 [troll (5)]
  7872 | D:8      | Killed a troll
  8222 | D:9      | Killed a troll
  8223 | D:9      | Reached XP level 10. HP: 20/90 MP: 3/9
  8507 | D:9      | Received a gift from Trog
  8579 | D:9      | Noticed a two-headed ogre
  8585 | D:9      | Killed a two-headed ogre
  8593 | D:9      | Found a staircase to the Lair.
  8595 | D:9      | Reached skill level 12 in Axes
  8691 | D:9      | Noticed a two-headed ogre
  8699 | D:9      | Killed a two-headed ogre
  8766 | D:9      | Noticed a two-headed ogre
  8786 | D:9      | Killed a two-headed ogre
  9365 | D:9      | Reached skill level 13 in Axes
  9365 | D:9      | Reached XP level 11. HP: 99/99 MP: 10/10
  9884 | D:10     | Entered Level 10 of the Dungeon
 10043 | D:10     | Reached skill level 10 in Fighting
 10688 | D:10     | Noticed Maggie
 10699 | D:10     | Killed Maggie
 10738 | D:10     | Reached skill level 10 in Armour
 11209 | D:11     | Received a gift from Trog
 11238 | D:11     | Noticed an eight-headed hydra
 11247 | D:11     | Killed an 11-headed hydra
 11248 | D:11     | Reached skill level 14 in Axes
 11488 | D:11     | Noticed a two-headed ogre
 11499 | D:11     | Killed a two-headed ogre
 12108 | D:12     | Reached XP level 12. HP: 26/110 MP: 2/11
 12115 | D:12     | Reached skill level 10 in Dodging
 12799 | D:12     | Found a runed translucent gate.
 12800 | D:12     | Found a runed translucent gate.
 12800 | D:12     | Found a runed translucent gate.
 12802 | D:12     | Noticed Snicker's ghost (journeyman DsBr)
 12876 | D:12     | Noticed a two-headed ogre
 12884 | D:12     | Reached skill level 15 in Axes
 12885 | D:12     | Killed a two-headed ogre
 13067 | D:12     | Noticed Kirke
 13285 | D:12     | Killed from afar by a manticore

Illustrated notes

Levels and vault maps discovered:
D:1:      denvon_arrival_planthouse, layout_basic, serial_glass,
          glass_columns_a, glass_columns_c
D:2:      layout_rooms, chequers_temple_overflow_statue_of_worship,
          lemuel_crystal_altar, okawaru_altar_gauntlet_db,
          nemelex_spade_bored_becter
D:3:      layout_basic, lemuel_statue_altar, uniq_grinder, uniq_purgy
D:4:      layout_cave_pools, chequers_temple_overflow_minitemple,
          temple_doors_e, bloody_trog
D:5:      layout_cave_pods, gammafunk_temple_overflow_elements, uniq_menkaure,
          uniq_edmund
D:6:      layout_rooms, lemuel_round_altar, minmay_fountain_box, uniq_eustachio
D:7:      layout_layer_cave, nzn_wu_jian_contemplation,
          nicolae_sif_muna_little_library, uniq_duvessa
D:8:      layout_basic, chequers_serial_rivers_small_a,
          nicolae_transmutations_shop
D:9:      layout_irregular_city, erik_lair_island
D:10:     layout_gridville, uniq_maggie
D:11:     layout_basic
D:12:     layout_irregular_city, orc_0_dummy, gammafunk_ghost_spectres,
          fountainhead, uniq_kirke

Skill      XL: |  1  2  3  4  5  6  7  8  9 10 11 12 |
---------------+-------------------------------------+-----
Axes           | 4 5 6 8 9 11 13 14 15 | 15.2
Fighting       | 4 5 6 7 8 9 11 | 11.5
Armour         | 3 4 5 6 8 9 10 11 | 11.2
Dodging        | 3 4 6 7 8 9 10 | 10.3

Action                   |  1- 3 |  4- 6 |  7- 9 | 10-12 || total
-------------------------+-------+-------+-------+-------++-------
Melee: Hand axe          |    59 |    86 |   142 |       ||   287
       Headbutt          |     5 |    12 |    51 |    60 ||   128
       Battleaxe         |       |       |   107 |   346 ||   453
       Unarmed           |       |       |       |     5 ||     5
Invok: Berserk           |       |     1 |     2 |     3 ||     6
       Trog's Hand       |       |       |     1 |       ||     1
Evoke: Wand              |       |       |       |     1 ||     1
  Use: Scroll            |       |       |    15 |     1 ||    16
 Stab: Sleeping          |     1 |       |       |       ||     1
Armor: Animal skin       |     7 |     5 |       |       ||    12
       Scale mail        |       |    21 |    26 |       ||    47
       Chain mail        |       |       |    37 |       ||    37
       Plate armour      |       |       |    61 |   167 ||   228
Dodge: Dodged            |    41 |    75 |   184 |   267 ||   567

Table legend: (Time is in decaauts)
 A = Elapsed time spent in this place.
 B = Non-inter-level travel time spent in this place.
 C = Inter-level travel time spent in this place.
 D = Time resting spent in this place.
 E = Time spent auto-exploring this place.
 F = Levels seen in this place.
 G = Mean time per level.
                   A        B        C        D        E       F      G
               +--------+--------+--------+--------+--------+-----+--------+
         Total |  13360 |  12809 |    551 |   2471 |   8612 |  12 | 1113.3 |
       Dungeon |  13360 |  12809 |    551 |   2471 |   8612 |  12 | 1113.3 |
               +--------+--------+--------+--------+--------+-----+--------+

Top non-repeatable levels by time:
     D:5: 1818 daAuts
    D:11: 1715 daAuts
     D:9: 1418 daAuts
     D:8: 1374 daAuts
     D:7: 1291 daAuts
    D:10: 1250 daAuts
     D:2: 960 daAuts
     D:4: 953 daAuts
     D:1: 726 daAuts
     D:6: 700 daAuts
     D:3: 691 daAuts
    D:12: 458 daAuts
